 Dungeon Crawl Stone Soup version 0.22-a0-293-gc9362ec (webtiles) character file.

123 grizmgrazm2 the Purveyor of Pain (level 4, -4/33 HPs)
             Began as a Demonspawn Necromancer on Mar 24, 2018.
             Was an Initiate of Kikubaaqudgha.
             Slain by Karim's ghost (23 damage)
             ... on level 4 of the Dungeon.
             The game lasted 00:06:50 (3867 turns).

grizmgrazm2 the Purveyor of Pain (DsNe)             Turns: 3867, Time: 00:06:51

Health: -4/33      AC:  3    Str:  9      XL:     4   Next: 80%
Magic:  8/8        EV: 13    Int: 15 (16) God:    Kikubaaqudgha [......]
Gold:   122        SH:  3    Dex: 12 (14) Spells: 4/8 levels left

rFire    . . .     SeeInvis .   (no weapon)
rCold    . . .     Gourm    .   g - +0 buckler
rNeg     . . .     Faith    +   j - +0 leather armour
rPois    .         Spirit   .   (no helmet)
rElec    .         Reflect  .   (no cloak)
rCorr    .         Harm     .   (no gloves)
MR       .....                  (no boots)
Stlth    +.........             n - amulet of faith
HPRegen  0.11/turn              (no ring)
MPRegen  0.11/turn              (no ring)

@: no status effects
A: hooves 1, repulsion field 1
a: Renounce Religion


You were on level 4 of the Dungeon.
You worshipped Kikubaaqudgha.
Kikubaaqudgha was noncommittal.
You were not hungry.

You visited 1 branch of the dungeon, and saw 4 of its levels.

You collected 122 gold pieces.

Inventory:

Hand Weapons
 d - a +0 short sword
Missiles
 b - 69 sling bullets
Armour
 a - a +0 robe
 g - a +0 buckler (worn)
 j - a +0 leather armour (worn)
Jewellery
 n - an amulet of faith (around neck)
Wands
 p - a wand of disintegration (9)
Scrolls
 e - 3 scrolls of identify {unknown}
 f - a scroll of blinking {unknown}
 i - 2 scrolls of magic mapping {unknown}
 k - a scroll of immolation {unknown}
 m - a scroll of enchant weapon {unknown}
 o - a scroll of remove curse {unknown}
 r - a scroll of teleportation {unknown}
 s - a scroll of random uselessness {unknown}
Comestibles
 c - 9 rations
 t - 2 chunks of flesh


   Skills:
 * Level 2.0 Fighting
 + Level 0.6 Armour
 + Level 1.8 Dodging
 + Level 1.8 Stealth
 + Level 0.1 Shields
 + Level 0.4 Unarmed Combat
 + Level 2.9 Spellcasting
 + Level 5.3 Necromancy


You had 4 spell levels left.
You knew the following spells:

 Your Spells              Type           Power        Failure   Level  Hunger
a - Pain                  Necr           ###.         4%          1    #......
b - Vampiric Draining     Necr           ###.......   16%         3    ###....


Dungeon Overview and Level Annotations

Branches:
Dungeon (4/15)
 Temple: D:4-7

Altars:
Elyvilon
Kikubaaqudgha
Makhleb
Vehumet

Annotations:
D:3 2 transporters
D:4 Karim's ghost, novice TrMo


Innate Abilities, Weirdness & Mutations

You have large cloven feet.
You are surrounded by a mild repulsion field. (EV +2)


Message History

You feel your strength returning.
Your Fighting skill increases to level 2!
You cannot move.
You cannot move.
You cannot move.
You cannot move.
You start resting.
Your transformation is almost over.
You start resting.
You feel less wooden.
Your +0 leather armour unmelds from your body.
You start resting.
Karim's ghost (novice Troll Monk) comes into view.
A scorpion comes into view.
Karim's ghost hits you but does no damage.
There is a stone staircase leading down here.
Karim's ghost hits you!!
Ouch! That really hurt!
You die...
Kikubaaqudgha rasps: "You have failed me!
Welcome... death!"

.#####.......#..............
....................†.......
............................
....###..####.####........#.
.....##.#####.####..........
............................
###.#...##..#...#..........#
#.##..........W..........#
#.##.###......@.s.........
#....# ...................
###.## .####.#.........#..
#Z #.............. #.
##............ ..
##.......... .. #.........
.........


You could see a scorpion and Karim's ghost.

Vanquished Creatures
  A bullfrog skeleton (D:4)
  A worker ant (D:3)
  2 adders
  An ooze (D:3)
  A worm (D:3)
  A dart slug (D:1)
  5 bats
  4 giant cockroaches
  5 goblins
  3 hobgoblins
  4 jackals (D:1)
  2 frilled lizards
  9 kobolds
  A leopard gecko skeleton (D:4)
  8 rats
48 creatures vanquished.

Notes
Turn   | Place    | Note
-------+----------+-------------------------------------------
     0 | D:1      | grizmgrazm2 the Demonspawn Necromancer began the quest for the Orb.
     0 | D:1      | Reached XP level 1. HP: 13/13 MP: 3/3
   372 | D:1      | Gained mutation: You have large cloven feet. [demonic ancestry]
   372 | D:1      | Reached XP level 2. HP: 17/19 MP: 0/5
  1261 | D:1      | Reached skill level 5 in Necromancy
  1856 | D:2      | Gained mutation: You are surrounded by a mild repulsion field. (EV +2) [demonic ancestry]
  1856 | D:2      | Reached XP level 3. HP: 25/25 MP: 4/6
  2208 | D:2      | Reached skill level 1 in Fighting
  2295 | D:2      | Found an ancient bone altar of Kikubaaqudgha.
  2298 | D:2      | Became a worshipper of Kikubaaqudgha
  2590 | D:2      | Found a burning altar of Makhleb.
  2809 | D:3      | Found a transporter.
  2813 | D:3      | Found a transporter.
  2813 | D:3      | Noticed a phantom
  2822 | D:3      | Noticed a yak
  2822 | D:3      | Noticed a two-headed ogre
  2824 | D:3      | Found a white marble altar of Elyvilon.
  3196 | D:3      | Found a radiant altar of Vehumet.
  3509 | D:3      | Reached XP level 4. HP: 28/32 MP: 2/8
  3742 | D:4      | Learned a level 3 spell: Vampiric Draining
  3860 | D:4      | Noticed Karim's ghost (novice TrMo)
  3867 | D:4      | Slain by Karim's ghost

Vault maps used:
D:1:      onia_arrival_mini_maze
D:2:      makhleb_grotto_becter, lemuel_doored_altar
D:3:      lemuel_crystal_altar, gammafunk_temple_overflow_arena, first_ration
D:4:      cheibriados_altar_1, cheibrodos_ashenzari_chains

Skill      XL: |  1  2  3  4 |
---------------+-------------+-----
Necromancy     | 5 |  5.3
Fighting       | 1 2 |  2.0
Armour         | |  0.6
Dodging        | |  1.8
Stealth        | |  1.8
Shields        | |  0.1
Unarmed Combat | |  0.4
Spellcasting   | |  2.9

Action                   |  1- 3 |  4- 6 || total
-------------------------+-------+-------++-------
Melee: Unarmed           |    68 |    50 ||   118
       Kick              |    11 |    11 ||    22
 Cast: Pain              |    68 |     1 ||    69
  Use: Potion            |       |     3 ||     3
  Eat: Chunk             |     7 |       ||     7
       Ration            |     1 |       ||     1
Armor: Robe              |     4 |       ||     4
       Leather armour    |     7 |    12 ||    19
       Skin              |       |     1 ||     1
Dodge: Dodged            |    56 |    35 ||    91
Block: Buckler           |     7 |     4 ||    11

Table legend:
 A = Spawn XP
 B = Non-spawn XP
 C = Spawn XP percentage of total XP
 D = Spawn monster count
 E = Non-spawn monster count
 F = Spawn count percentage of total count
 G = Total turns spent on level
                    A         B        C        D         E        F      G
               +---------+---------+-------+---------+---------+-------+---------
         Total |       0 |     177 |   0.0 |       0 |      48 |   0.0 |  3867
               +---------+---------+-------+---------+---------+-------+---------
           D:1 |       0 |      40 |   0.0 |       0 |      24 |   0.0 |  1851
           D:2 |       0 |      33 |   0.0 |       0 |      14 |   0.0 |   966
           D:3 |       0 |      49 |   0.0 |       0 |       6 |   0.0 |   863
           D:4 |       0 |      55 |   0.0 |       0 |       4 |   0.0 |   187
               +---------+---------+-------+---------+---------+-------+---------
